 Dungeon Crawl Stone Soup version 0.32-a0-120-gfac0567ad4 (webtiles) character file.

Game seed: 10756375153941085552

7407 Sobieck the Spear-Bearer (level 11, -2/111 HPs)
             Began as an Oni Berserker on Feb 6, 2024.
             Was a High Priest of Trog.
             Slain by an orc warrior
             ... wielding a +0 war axe
              (8 damage)
             ... in a bailey.
             The game lasted 00:13:25 (7032 turns).

Sobieck the Spear-Bearer (Oni Berserker)            Turns: 7032, Time: 00:13:26

Health: -2/111     AC:  5    Str: 22    XL:     11   Next: 14%
Magic:  11/11      EV: 13    Int: 11    God:    Trog [*****.]
Gold:   1238       SH: 19    Dex: 10    Spells: 10/10 levels left

rFire   + . .        a - +10 spear of the Scavenger {venom, rN++ Stlth+}
rCold   + . .        e - +0 tower shield {rC+ rF+}
rNeg    + + +        G - +0 robe "Lithreeca" {+Blink Slay+4}
rPois   .            (helmet restricted)
rElec   .            I - +1 cloak "Rujas" {Regen+}
rCorr   .            (gloves unavailable)
SInv    +            (boots unavailable)
Will    +....        m - amulet of reflection
Stlth   ++           J - ring of the Several Stars {rN+++ EV+5 Str-3 Int+3 SInv}
HPRegen 1.18/turn    (no ring)
MPRegen 0.12/turn

%: reflection
@: no status effects
A: large, unfitting armour, horns 1, tough skin 1, double potion healing,
drunken brawling
a: Renounce Religion, Evoke Blink, Berserk, Trog's Hand, Brothers in Arms


You were in a bailey.
You worshipped Trog.
Trog was extremely pleased with you.
You visited 1 branch of the dungeon, and saw 8 of its levels.
You also visited: Bailey.

You collected 1238 gold pieces.

Inventory:

Hand Weapons
 a - the +10 spear of the Scavenger (weapon) {venom, rN++ Stlth+}
   (You found it on level 2 of the Dungeon)

   rN++:      It greatly protects you from negative energy.
   Stlth+:    It makes you more stealthy.
 b - the +3 sling "Yleopra" {heavy, SInv}
   (You found it on level 2 of the Dungeon)

   SInv:      It lets you see invisible.
 i - a +0 quarterstaff
 j - a +0 mace
Missiles
 g - 36 stones (quivered)
 o - 20 poisoned darts
 w - 2 throwing nets
 y - 2 darts of dispersal
 A - 3 boomerangs
Armour
 e - a +0 tower shield of resistance (worn)
 l - a +0 animal skin
 G - the +0 robe "Lithreeca" (worn) {+Blink Slay+4}
   (You found it on level 7 of the Dungeon)

   Slay+4:    It affects your accuracy & damage with ranged weapons and melee
   (+4).
   +Blink:    It lets you blink.
 H - a +2 cloak of willpower
 I - the +1 cloak "Rujas" (worn) {Regen+}
   (You found it in a bailey)

   Regen+:    It increases your rate of health regeneration.
Jewellery
 m - an amulet of reflection (around neck)
 C - a ring of ice
 J - the ring of the Several Stars (left hand) {rN+++ EV+5 Str-3 Int+3 SInv}
   (You acquired it in a bailey)

   [ring of evasion]

   EV+5:      It affects your evasion (+5).
   Str-3:     It affects your strength (-3).
   Int+3:     It affects your intelligence (+3).
   rN+++:     It renders you almost immune to negative energy.
   SInv:      It lets you see invisible.
Talismans
 c - a serpent talisman
Wands
 r - a wand of roots (12)
 v - a wand of mindburst (18)
 B - a wand of acid (4)
Scrolls
 d - 2 scrolls of immolation
 h - 2 scrolls of blinking
 n - 2 scrolls of vulnerability
 p - 2 scrolls of fog
 D - 2 scrolls of butterflies {unknown}
 F - 2 scrolls of teleportation
 L - a scroll of fear
Potions
 f - 5 potions of curing
 k - 2 potions of enlightenment
 q - a potion of degeneration {unknown}
 s - a potion of cancellation {unknown}
 t - 2 potions of mutation {unknown}
 u - a potion of resistance {unknown}
 x - 2 potions of heal wounds
 z - a potion of haste {unknown}
 E - a potion of berserk rage {unknown}
 K - a potion of brilliance {unknown}
 M - 2 potions of magic {unknown}


   Skills:
 - Level 8.0 Fighting
 - Level 5.2 Maces & Flails
 * Level 11.5 Polearms
 - Level 2.6 Dodging
 + Level 9.3 Shields


You had 10 spell levels left.
You didn't know any spells.
Your spell library was empty.

Dungeon Overview and Level Annotations

Branches:
Dungeon (8/15)             Temple (0/1) D:6          Bailey (1/1)
   Lair: D:8-11

Altars:
Elyvilon
Fedhas
Nemelex Xobeh
Trog
Xom

Shops:
D:8 :

Annotations:
D:7 2 transporters


Innate Abilities, Weirdness & Mutations

You are too large for most types of armour.
You have a pair of small horns on your head.
You have tough skin. (AC +1)
You gain doubled healing and magic from potions.
Whenever you drink a healing potion, you attack all around you.


Message History

No target in view!
You open the door.
Found 22 gold pieces.
There is an open door here.
You now have 1238 gold pieces (gained 22).
There is an open door here.
Things that are here:
a +0 hand axe; a +0 leather armour; a gnoll corpse You open the door.
An electric eel comes into view.
There is an open door here.
Unknown command.
An electric eel comes into view.
You reach to attack!
The helpless electric eel fails to defend itself.
You impale the electric eel!!
You kill the electric eel!
Trog accepts your kill.
No reachable target in view!
No reachable target in view!
The electric eel shoots out a bolt of lightning at you!
The bolt of electricity hits you!
An electric eel comes into view.
The electric eel shoots out a bolt of lightning at you!
The bolt of electricity hits you!
The electric eel shoots out a bolt of lightning at you!
The bolt of electricity hits you!
The electric eel shoots out a bolt of lightning at you!
The bolt of electricity hits you!
* * * LOW HITPOINT WARNING * * *
The bolt of electricity hits you!
* * * LOW HITPOINT WARNING * * *
You open the door. 3 orc warriors come into view.
The orc warrior shouts!
The electric eel shoots out a bolt of lightning at you!
The bolt of electricity hits you!
* * * LOW HITPOINT WARNING * * *
The electric eel shoots out a bolt of lightning at you!
The bolt of electricity hits you!
* * * LOW HITPOINT WARNING * * *
The bolt of electricity hits you!
* * * LOW HITPOINT WARNING * * *
The electric eel shoots out a bolt of lightning at you!
The bolt of electricity hits you!
* * * LOW HITPOINT WARNING * * *
The bolt of electricity hits you!
* * * LOW HITPOINT WARNING * * *
The orc warrior hits you with a +0 war axe!
You die...

#......≈≈≈≈~.#.....##....########
#......≈≈≈≈~.#++#####....#..'.#..
######.≈≈≈≈~.# #....#))#.#..
#≈≈≈≈≈~.# #....'))#.'..
#≈≈≈≈≈##### #############
#≈≈≈≈≈#.... .....#.) #.oo.
.....'.) #..###############.)
#.o@.............'..
####~~~~~~~~~~~~~###
≈≈≈≈≈≈≈≈≈≈≈≈≈≈≈≈≈≈≈≈
≈≈≈≈≈≈≈≈≈≈≈≈≈≈≈≈≈≈≈≈≈
≈≈≈≈≈≈≈≈≈≈≈≈≈≈≈≈≈≈≈≈≈≈
≈≈≈≈≈≈≈≈≈S≈≈≈≈≈≈≈≈≈≈≈≈
≈≈≈≈≈≈≈≈≈≈≈≈S≈≈≈≈≈≈≈≈≈
≈≈≈≈≈≈≈≈≈≈≈≈≈≈≈≈≈≈≈≈≈≈ ≈


You could see 3 orc warriors and 2 electric eels.

Vanquished Creatures
  An orc knight (Bailey)
  An orc sorcerer (Bailey)
  A kobold demonologist (Bailey)
  Grinder (D:5)
  A vampire (D:7)
  9 yaks
  A wyvern (D:8)
  Edmund (D:3)
  7 orc warriors
  2 black bears
  2 sky beasts
  An ogre (D:4)
  A centaur (D:6)
  Blork the orc (D:5)
  3 bullfrogs (D:7)
  5 scorpions
  4 necrophages (D:6)
  8 wights
  15 killer bees
  2 electric eels (Bailey)
  4 howler monkeys
  5 bombardier beetles
  6 hounds
  6 orc priests
  A centaur zombie (D:6)
  3 jellies
  2 sleepcaps
  2 iguanas
  4 orc wizards
  A killer bee zombie (D:6)
  2 adders (D:2)
  13 gnolls
  A dart slug (D:1)
  3 ribbon worms
  46 orcs
  5 ball pythons
  9 endoplasms
  3 giant cockroaches
  15 goblins
  9 hobgoblins
  10 jackals
  8 kobolds
  6 quokkas
  6 bats
  4 frilled lizards
  5 rats (D:1)
246 creatures vanquished.

Notes
Turn   | Place    | Note
-------+----------+-------------------------------------------
     0 | D:1      | Sobieck the Oni Berserker began the quest for the Orb.
     0 | D:1      | Reached XP level 1. HP: 24/24 MP: 1/1
   122 | D:1      | Reached XP level 2. HP: 31/33 MP: 2/2
   295 | D:1      | Reached XP level 3. HP: 39/40 MP: 3/3
   405 | D:1      | Reached ** piety under Trog
   466 | D:1      | You fall into a shaft and drop 1 floor!
   798 | D:2      | Identified the +10 spear of the Scavenger {venom, rN++
                  | Stlth+}
   829 | D:2      | Identified the +3 sling "Yleopra" {heavy, SInv}
   977 | D:1      | Reached XP level 4. HP: 50/50 MP: 4/4
  1952 | D:3      | Reached skill level 6 in Fighting
  1952 | D:3      | Reached XP level 5. HP: 59/59 MP: 5/5
  2020 | D:3      | Reached *** piety under Trog
  2235 | D:4      | Reached XP level 6. HP: 46/68 MP: 6/6
  2352 | D:3      | Identified 2 scrolls of acquirement
  2352 | D:3      | Acquired 765 gold pieces
  2356 | D:3      | Acquired a +0 tower shield of resistance
  2382 | D:4      | Reached skill level 1 in Polearms
  2484 | D:3      | Reached skill level 1 in Shields
  2639 | D:4      | Noticed Edmund
  2807 | D:3      | Killed Edmund
  2808 | D:3      | Reached skill level 2 in Polearms
  2808 | D:3      | Reached XP level 7. HP: 56/79 MP: 7/7
  3083 | D:4      | Reached skill level 3 in Polearms
  3083 | D:4      | Reached skill level 3 in Shields
  3235 | D:5      | Entered Level 5 of the Dungeon
  3235 | D:5      | Noticed a yak
  3237 | D:5      | Noticed a yak
  3237 | D:5      | Noticed a yak
  3237 | D:5      | Noticed a yak
  3238 | D:5      | Noticed a yak
  3247 | D:4      | Killed a yak
  3248 | D:4      | Reached XP level 8. HP: 59/88 MP: 8/8
  3341 | D:4      | Killed a yak
  3342 | D:4      | Reached skill level 4 in Polearms
  3444 | D:4      | Killed a yak
  3517 | D:4      | Killed a yak
  3518 | D:4      | Reached skill level 5 in Polearms
  3575 | D:5      | Killed a yak
  3575 | D:5      | Reached **** piety under Trog
  3637 | D:5      | Noticed Grinder
  3652 | D:5      | Killed Grinder
  3653 | D:5      | Reached skill level 6 in Polearms
  3653 | D:5      | Reached XP level 9. HP: 96/96 MP: 9/9
  3840 | D:5      | Found a bloodstained altar of Trog.
  3920 | D:5      | Found a sparkling altar of Nemelex Xobeh.
  3929 | D:5      | Found a shimmering altar of Xom.
  4000 | D:5      | Noticed Blork the orc
  4008 | D:5      | Killed Blork the orc
  4009 | D:5      | Reached skill level 6 in Shields
  4379 | D:6      | Reached skill level 7 in Polearms
  4706 | D:6      | Found a staircase to the Ecumenical Temple.
  4756 | D:6      | Reached skill level 8 in Polearms
  4925 | D:6      | Reached XP level 10. HP: 104/104 MP: 10/10
  4951 | D:6      | Found a blossoming altar of Fedhas.
  5278 | D:7      | Found a transporter.
  5291 | D:7      | Noticed a kobold demonologist
  5315 | D:7      | Reached skill level 9 in Polearms
  5360 | D:7      | Reached ***** piety under Trog
  5453 | D:7      | Identified the +0 robe "Lithreeca" {+Blink Slay+4}
  5513 | D:7      | Found a transporter.
  5923 | D:8      | Reached skill level 10 in Polearms
  6011 | D:8      | Found Yrphupezo's Book Emporium.
  6011 | D:8      | Noticed a walking frostbound tome
  6013 | D:8      | Noticed a walking divine tome
  6086 | D:8      | Found a white marble altar of Elyvilon.
  6374 | D:8      | Found a flagged portal.
  6379 | Bailey   | Entered a bailey
  6421 | Bailey   | Noticed an orc knight
  6435 | Bailey   | Killed an orc knight
  6435 | Bailey   | Received a gift from Trog
  6436 | Bailey   | Reached skill level 9 in Shields
  6494 | Bailey   | Reached skill level 11 in Polearms
  6525 | Bailey   | Acquired a +2 cloak of willpower
  6547 | Bailey   | Reached XP level 11. HP: 44/111 MP: 11/11
  6762 | Bailey   | Found an iron altar of Okawaru.
  6762 | Bailey   | Noticed an orc sorcerer
  6786 | Bailey   | Killed an orc sorcerer
  6907 | Bailey   | Identified the +1 cloak "Rujas" {Regen+}
  6933 | Bailey   | Acquired the ring of the Several Stars {rN+++ EV+5 Str-3
                  | Int+3 SInv}
  7032 | Bailey   | Slain by an orc warrior

Illustrated notes

Levels and vault maps discovered:
D:1:      amcnicky_arrival_flooded_fountain, layout_loops_corners,
          minmay_strange_pillars
D:2:      layout_basic
D:3:      layout_rooms
D:4:      layout_rooms, minmay_vboxes, uniq_edmund
D:5:      layout_loops_ring, amethyst_overflow_temple_binary,
          mainiacjoe_overflow_alcove_4, uniq_blork_the_orc, uniq_grinder
D:6:      layout_basic, fedhas_altar_decomposition,
          minmay_temple_entry_gardened_gates
D:7:      gammafunk_wand_slinger, layout_basic
D:8:      layout_rooms, kennysheep_ying_yang, serial_shops,
          nicolae_shop_mannequins, enter_bailey_3,
          hellmonk_ghost_happy_afterlife, special_room [special_room_orc]
Bailey:   bailey_axe_of_yendor_kennysheep, bailey

Skill      XL: |  1  2  3  4  5  6  7  8  9 10 |
---------------+-------------------------------+-----
Fighting       | 5 6 7 8 |  8.0
Maces & Flails | 4 5 |  5.2
Polearms       | 2 3 6 8 11 | 11.5
Shields        | 1 3 5 7 9 |  9.3
Dodging        | |  2.6

Action                     |  1- 3 |  4- 6 |  7- 9 | 10-12 || total
---------------------------+-------+-------+-------+-------++-------
  Melee: Mace              |    86 |       |       |       ||    86
         Headbutt          |     7 |     6 |    24 |    50 ||    87
         Quarterstaff      |     5 |       |       |       ||     5
         Spear             |     3 |    86 |   164 |   287 ||   540
         Punch             |     1 |     2 |       |       ||     3
   Fire: Sling             |     8 |    30 |       |       ||    38
  Throw: Stone             |       |     2 |     3 |    16 ||    21
 Invoke: Berserk           |       |       |       |     1 ||     1
    Use: Scroll            |       |    10 |     3 |     2 ||    15
   Stab: Sleeping          |     1 |     1 |     1 |     3 ||     6
         Distracted        |       |       |       |     2 ||     2
 Armour: Animal skin       |    63 |    49 |    38 |    13 ||   163
         Robe              |       |       |       |    48 ||    48
  Dodge: Dodged            |    66 |    26 |    13 |    30 ||   135
  Block: Other             |       |    14 |       |       ||    14
         Reflection        |       |     1 |     1 |     6 ||     8
         Tower shield      |       |    10 |    91 |   162 ||   263

Table legend: (Time is in decaauts)
 A = Elapsed time spent in this place.
 B = Non-inter-level travel time spent in this place.
 C = Inter-level travel time spent in this place.
 D = Time resting spent in this place.
 E = Time spent auto-exploring this place.
 F = Levels seen in this place.
 G = Mean time per level.
                   A        B        C        D        E       F      G
               +--------+--------+--------+--------+--------+-----+--------+
         Total |   7081 |   6840 |    241 |   1255 |   3905 |   9 |  786.8 |
       Dungeon |   6435 |   6194 |    241 |    965 |   3905 |   8 |  804.4 |
        Bailey |    646 |    646 |      0 |    290 |      0 |   1 |  646.0 |
               +--------+--------+--------+--------+--------+-----+--------+

Top non-repeatable levels by time:
     D:6: 1099 daAuts
     D:4: 1077 daAuts
     D:1: 997 daAuts
     D:2: 792 daAuts
     D:3: 776 daAuts
  Bailey: 646 daAuts
     D:5: 616 daAuts
     D:7: 600 daAuts
     D:8: 474 daAuts
